 Dungeon Crawl Stone Soup version 0.28.0-43-g3370ac3207 (webtiles) character file.

Game seed: 13749412994783190657

334 croobank the Chopper (level 6, -8/53 HPs)
             Began as a Gnoll Cinder Acolyte on Mar 17, 2022.
             Was an Initiate of Sif Muna.
             Mangled by a fire elemental (11 damage)
             ... created by the fiery vengeance of Ignis
             ... on level 5 of the Dungeon.
             The game lasted 00:15:27 (4334 turns).

croobank the Chopper (Gnoll Cinder Acolyte)         Turns: 4334, Time: 00:15:28

Health: -8/53      AC:  4    Str: 15    XL:     6   Next: 53%
Magic:  11/11      EV: 11    Int: 14    God:    Sif Muna [......]
Gold:   60         SH:  0    Dex:  7    Spells: 9/11 levels left

rFire   . . .      SeeInvis .   g - +3 dagger (vamp)
rCold   . . .      Faith    .   (no shield)
rNeg    + . .      Spirit   .   f - +0 leather armour
rPois   +          Reflect  .   (no helmet)
rElec   .          Harm     .   c - +0 cloak
rCorr   .          Rampage  .   (no gloves)
Will    .....                   (no boots)
Stlth   +.........              (no amulet)
HPRegen 0.17/turn               i - ring of positive energy
MPRegen 0.12/turn               o - ring of poison resistance

@: fire susceptible
A: fangs 1, strong nose, distributed training, MP-powered wands
a: Renounce Religion


You were on level 5 of the Dungeon.
You worshipped Sif Muna.
Sif Muna was noncommittal.
You visited 2 branches of the dungeon, and saw 6 of its levels.

You collected 60 gold pieces.

Inventory:

Hand Weapons
 a - a -1 hand axe of flaming
 g - a +3 vampiric dagger (weapon)
Missiles
 d - 119 stones (quivered)
 k - 39 arrows
Armour
 b - a +0 robe
 c - a +0 cloak (worn)
 f - a +0 leather armour (worn)
Magical Staves
 j - a staff of cold
Jewellery
 i - a ring of positive energy (left hand)
 o - a ring of poison resistance (right hand)
Scrolls
 h - a scroll of fear
 s - a scroll of blinking {unknown}
 t - a scroll of fog {unknown}
 u - a scroll of amnesia {unknown}
Potions
 m - a potion of flight
 r - 2 potions of mutation


   Skills:
 + Level 6.8 Fighting
 + Level 2.0 Short Blades
 + Level 2.0 Long Blades
 + Level 6.8 Axes
 + Level 2.0 Maces & Flails
 + Level 2.0 Polearms
 + Level 2.0 Staves
 + Level 2.0 Slings
 + Level 2.0 Bows
 + Level 2.0 Crossbows
 + Level 2.0 Throwing
 + Level 2.0 Armour
 + Level 2.0 Dodging
 + Level 2.0 Stealth
 + Level 2.0 Shields
 + Level 2.0 Unarmed Combat
 + Level 3.4 Spellcasting
 + Level 1.5 Conjurations
 + Level 1.5 Hexes
 + Level 1.5 Summonings
 + Level 1.5 Necromancy
 + Level 1.5 Translocations
 + Level 1.5 Transmutations
 + Level 5.6 Fire Magic
 + Level 1.5 Ice Magic
 + Level 1.5 Air Magic
 + Level 1.5 Earth Magic
 + Level 1.5 Poison Magic
 + Level 2.2 Invocations
 + Level 2.0 Evocations


You had 9 spell levels left.
You knew the following spells:

 Your Spells              Type           Power      Damage    Failure   Level
a - Scorch                Fire           36%        2d7       3%          2

Your spell library contained the following spells:

 Spells                   Type           Power      Damage    Failure   Level


Dungeon Overview and Level Annotations

Branches:
Dungeon (5/15)             Temple (1/1) D:4

Altars:
Dithmenos
Elyvilon
Fedhas
Gozag
Makhleb
Nemelex Xobeh
Qazlal
Sif Muna
Trog
Uskayaw
Vehumet
Yredelemnul
Zin

Shops:
D:2 [

Annotations:
D:4 2 transporters


Innate Abilities, Weirdness & Mutations

You have very sharp teeth.
Your uncanny sense of smell can sniff out nearby items.
Your experience applies equally to all skills.
You expend magic power (3 MP) to strengthen your wands.


Message History

Okay, then.
Okay, then.
A ball python comes into view.
The ball python hisses angrily.
A necrophage comes into view.
Found a scroll of identify.
Found a stone staircase leading down.
The ball python closely misses you. The ball python barely misses you.
The ball python bites you but does no damage.
The ball python barely misses you. The ball python barely misses you. x2
There is a stone staircase leading down here.
The ball python barely misses you. The ball python grabs you.
You stop descending the stairs.
The ball python constricts you.
You escape the ball python's grasp.
The ball python bites you but does no damage.
The ball python closely misses you.
You climb downwards.
There is a stone staircase leading up here.
Casting: Scorch (safe; 3% risk of failure)
Confirm with . or Enter, or press ? or * to list all spells.
Flames lash the ball python.
You kill the ball python!
Sif Muna accepts your kill. "Burn!
Burn until nothing is left!" 3 fire elementals come into view.
As you read the scroll labelled ZOPSUH JOGAU, it crumbles to dust.
You feel aware of your surroundings.
You sensed 7 shops/portals.
It was a scroll of magic mapping.
The fire elemental hits you. The fire elemental burns you!
The fire elemental hits you. The fire elemental burns you!
The fire elemental hits you. The fire elemental burns you!
* * * LOW HITPOINT WARNING * * *
The fire elemental hits you. The fire elemental burns you!
* * * LOW HITPOINT WARNING * * *
As you read the scroll labelled AZICIDIORU, it crumbles to dust.
It is a scroll of enchant weapon.
Your +2 vampiric dagger glows red for a moment.
The fire elemental closely misses you. The fire elemental hits you.
The fire elemental burns you!
You die...

**,* #.#* * ##.###
****** #..#.##
,,,,,* ##.....#
,>,,** ##......#
*,,** ###.......#
**,,**
##......E..#
**,,*##..<...☼E@.#
**,.#......°○E..#
*#......°°○°...#
##.....°.○....#
#.............#
*#.............#
#.............##
#..############
*##*


You could see 3 fire elementals.

Vanquished Creatures
  A necrophage (D:4)
  A scorpion (D:4)
  A jelly (D:4)
  3 gnolls (D:4)
  5 adders
  2 worms
  3 dart slugs
  2 orcs (D:3)
  3 bats
  12 endoplasms
  2 giant cockroaches
  11 hobgoblins
  3 kobolds
  3 quokkas
  4 ball pythons
  2 frilled lizards (D:1)
  7 goblins
  6 rats
71 creatures vanquished.

Notes
Turn   | Place    | Note
-------+----------+-------------------------------------------
     0 | D:1      | croobank the Gnoll Cinder Acolyte began the quest for the
                  | Orb.
     0 | D:1      | Reached XP level 1. HP: 23/23 MP: 4/4
   168 | D:1      | Reached XP level 2. HP: 29/29 MP: 5/5
   175 | D:1      | Learned a level 2 spell: Scorch
   584 | D:1      | Reached XP level 3. HP: 26/35 MP: 4/7
  1254 | D:2      | Reached skill level 1 in Invocations
  1259 | D:2      | Found a bloodstained altar of Trog.
  1286 | D:2      | Found Ganog's Antique Armour Shoppe.
  1383 | D:2      | Reached skill level 1 in Short Blades
  1383 | D:2      | Reached skill level 1 in Long Blades
  1383 | D:2      | Reached skill level 1 in Maces & Flails
  1383 | D:2      | Reached skill level 1 in Polearms
  1383 | D:2      | Reached skill level 1 in Staves
  1383 | D:2      | Reached skill level 1 in Slings
  1383 | D:2      | Reached skill level 1 in Bows
  1383 | D:2      | Reached skill level 1 in Crossbows
  1383 | D:2      | Reached skill level 1 in Throwing
  1383 | D:2      | Reached skill level 1 in Armour
  1383 | D:2      | Reached skill level 1 in Dodging
  1383 | D:2      | Reached skill level 1 in Stealth
  1383 | D:2      | Reached skill level 1 in Shields
  1383 | D:2      | Reached skill level 1 in Unarmed Combat
  1383 | D:2      | Reached skill level 1 in Evocations
  1589 | D:2      | Reached XP level 4. HP: 39/41 MP: 1/8
  2197 | D:3      | Found an opulent altar of Gozag.
  2224 | D:3      | Reached skill level 1 in Conjurations
  2224 | D:3      | Reached skill level 1 in Hexes
  2224 | D:3      | Reached skill level 1 in Summonings
  2224 | D:3      | Reached skill level 1 in Necromancy
  2224 | D:3      | Reached skill level 1 in Translocations
  2224 | D:3      | Reached skill level 1 in Transmutations
  2224 | D:3      | Reached skill level 1 in Ice Magic
  2224 | D:3      | Reached skill level 1 in Air Magic
  2224 | D:3      | Reached skill level 1 in Earth Magic
  2224 | D:3      | Reached skill level 1 in Poison Magic
  2806 | D:3      | Found a faded altar of an unknown god.
  3327 | D:4      | Reached XP level 5. HP: 11/47 MP: 1/9
  3599 | D:4      | Found a transporter.
  3649 | D:4      | Gained mutation: You expend magic power (3 MP) to
                  | strengthen your wands. [potion of mutation]
  3664 | D:4      | HP: 1/47 [poisoned by a scorpion]
  3880 | D:4      | Found a staircase to the Ecumenical Temple.
  3933 | Temple   | Entered the Ecumenical Temple
  4059 | Temple   | Fell from the grace of Ignis
  4059 | Temple   | Became a worshipper of Sif Muna the Loreminder
  4135 | D:4      | Found a transporter.
  4177 | D:4      | Found a radiant altar of Vehumet.
  4180 | D:4      | Noticed a necrophage
  4186 | D:4      | Killed a necrophage
  4187 | D:4      | Reached XP level 6. HP: 53/53 MP: 3/11
  4306 | D:4      | Noticed a fire elemental
  4306 | D:4      | Noticed a fire elemental
  4307 | D:4      | Noticed a necrophage
  4317 | D:5      | Entered Level 5 of the Dungeon
  4327 | D:5      | Noticed a fire elemental
  4327 | D:5      | Noticed a fire elemental
  4327 | D:5      | Noticed a fire elemental
  4331 | D:5      | HP: 2/53 [fire elemental[the fiery vengeance of Ignis]
                  | (11)]
  4334 | D:5      | Mangled by a fire elemental

Illustrated notes

Levels and vault maps discovered:
D:1:      roderic_octagonal_star, layout_basic, feat_on_display
D:2:      layout_basic, serial_shops, nicolae_shop_crystal, basic_altar
D:3:      layout_basic, grunt_gozag_breadcrumbs, nicolae_ecumenical_lake_church,
          lemuel_flame_loot_1
D:4:      gammafunk_steamed_eel, layout_basic, mainiacjoe_overflow_paths,
          minmay_temple_entry_grid, eino_tiny_chamber
D:5:      layout_cave_pods, serial_shops, shop, nicolae_shop_clearance
Temple:   hc_temple_tempest_star

Skill      XL: |  1  2  3  4  5  6 |
---------------+-------------------+-----
Invocations    | 1 2 |  2.2
Short Blades   | 1 2 |  2.0
Long Blades    | 1 2 |  2.0
Maces & Flails | 1 2 |  2.0
Polearms       | 1 2 |  2.0
Staves         | 1 2 |  2.0
Slings         | 1 2 |  2.0
Bows           | 1 2 |  2.0
Crossbows      | 1 2 |  2.0
Throwing       | 1 2 |  2.0
Armour         | 1 2 |  2.0
Dodging        | 1 2 |  2.0
Stealth        | 1 2 |  2.0
Shields        | 1 2 |  2.0
Unarmed Combat | 1 2 |  2.0
Evocations     | 1 2 |  2.0
Spellcasting   | 3 |  3.4
Conjurations   | 1 |  1.5
Hexes          | 1 |  1.5
Summonings     | 1 |  1.5
Necromancy     | 1 |  1.5
Translocations | 1 |  1.5
Transmutations | 1 |  1.5
Ice Magic      | 1 |  1.5
Air Magic      | 1 |  1.5
Earth Magic    | 1 |  1.5
Poison Magic   | 1 |  1.5
Fighting       | |  6.8
Axes           | |  6.8
Fire Magic     | |  5.6

Action                   |  1- 3 |  4- 6 || total
-------------------------+-------+-------++-------
Melee: Hand axe          |    39 |     4 ||    43
       Bite              |     2 |    10 ||    12
       Punch             |     1 |     1 ||     2
       Dagger            |       |    41 ||    41
 Cast: Scorch            |    32 |    46 ||    78
  Use: Scroll            |       |     7 ||     7
       Potion            |       |     6 ||     6
Armor: Leather armour    |    10 |    17 ||    27
       Robe              |     1 |       ||     1
Dodge: Dodged            |    23 |    31 ||    54
